 Dungeon Crawl Stone Soup version 0.26-a0-540-g8a0c9464d7 (webtiles) character file.

Game seed: 10074000935202841242

67 HammerPanzer the Slasher (level 3, 0/30 HPs)
             Began as a Demonspawn Berserker on Aug 22, 2020.
             Was a Believer of Trog.
             Succumbed to an adder's poison
             ... on level 2 of the Dungeon.
             The game lasted 00:02:22 (1146 turns).

HammerPanzer the Slasher (Demonspawn Berserker)     Turns: 1146, Time: 00:02:22

Health: 0/30       AC:  5    Str: 17    XL:     3   Next: 98%
Magic:  3/3        EV: 11    Int:  9    God:    Trog [**....]
Gold:   80         SH:  0    Dex: 12    Spells: 2/2 levels left

rFire    . . .     SeeInvis .   a - +0 falchion
rCold    . . .     Faith    .   (no shield)
rNeg     . . .     Spirit   .   d - +0 ring mail
rPois    .         Reflect  .   (no helmet)
rElec    .         Harm     .   (no cloak)
rCorr    .                      (no gloves)
MR       .....                  (no boots)
Stlth    +.........             (no amulet)
HPRegen  0.10/turn              (no ring)
MPRegen  0.08/turn              (no ring)

@: lethally poisoned (0 -> -16), berserk cooldown, flying, slowed, very slow
A: powered by death 1, rot immunity
a: Berserk, Trog's Hand, Renounce Religion


You were on level 2 of the Dungeon.
You worshipped Trog.
Trog was pleased with you.
You visited 1 branch of the dungeon, and saw 2 of its levels.

You collected 80 gold pieces.

Inventory:

Hand Weapons
 a - a +0 falchion (weapon)
Missiles
 f - 2 silver javelins (quivered)
Armour
 d - a +0 ring mail (worn)
Jewellery
 b - an uncursed ring of positive energy {unknown}
 j - a cursed ring of attention {unknown}
Scrolls
 c - 8 scrolls of identify {unknown}
 g - a scroll of blinking {unknown}
 h - 2 scrolls of enchant armour {unknown}
 i - a scroll of magic mapping {unknown}


   Skills:
 + Level 3.7 Fighting
 * Level 4.0 Long Blades
 - Level 1.7 Armour
 - Level 1.7 Dodging


You had 2 spell levels left.
You didn't know any spells.
Your spell library was empty.

Dungeon Overview and Level Annotations

Branches:
Dungeon (2/15)

Altars:
The Shining One


Innate Abilities, Weirdness & Mutations

You regenerate a little health from kills.
You are immune to rotting.


Message History

* * * LOW HITPOINT WARNING * * *
You barely miss the adder.
The adder is almost dead.
* * * LOW HITPOINT WARNING * * *
You feel sick. The adder barely misses you.
You riposte.
You hit the adder.
You kill the adder!
Trog accepts your kill.
Your Long Blades skill increases to level 4!
You are too berserk!
You feel sick.
You feel a strong urge to attack something.
You are no longer berserk.
You are exhausted.
You feel yourself slow down.
You feel sick.
It was a potion of flight.
You feel very buoyant.
You fly up into the air.
* * * LOW HITPOINT WARNING * * *
You feel sick.
You die...

### .. #(#####.#
#.....(.#
########..#
#......@..#
#.######.## #.#
#.#
######.######.#
#...........#)#
#.####.####.#)##
#.# #.# #....#
#.# #.# #.....#
#.# #.#
#.......#


There were no monsters in sight!

Vanquished Creatures
  2 adders (D:2)
  2 gnolls (D:2)
  A leopard gecko (D:1)
  2 giant cockroaches (D:1)
  A goblin (D:1)
  4 hobgoblins (D:1)
  4 jackals (D:1)
  3 kobolds
  3 bats (D:1)
  A frilled lizard (D:1)
  5 rats (D:1)
28 creatures vanquished.

Notes
Turn   | Place    | Note
-------+----------+-------------------------------------------
     0 | D:1      | HammerPanzer the Demonspawn Berserker began the quest for
                  | the Orb.
     0 | D:1      | Reached XP level 1. HP: 18/18 MP: 1/1
   184 | D:1      | Reached skill level 3 in Long Blades
   291 | D:1      | Gained mutation: You are immune to rotting. [demonic
                  | ancestry]
   291 | D:1      | Reached XP level 2. HP: 24/24 MP: 2/2
   381 | D:1      | Found a glowing golden altar of the Shining One.
   399 | D:1      | You fall into a shaft and drop 1 floor!
   860 | D:1      | Gained mutation: You regenerate a little health from kills.
                  | [demonic ancestry]
   860 | D:1      | Reached XP level 3. HP: 29/29 MP: 3/3
   919 | D:1      | Reached ** piety under Trog
  1142 | D:2      | Reached skill level 4 in Long Blades
  1146 | D:2      | Succumbed to an adder's poison

Illustrated notes

Levels and vault maps discovered:
D:1:      heliophobic_arrival_battle_scene, layout_basic, minivault_25,
          tso_altar
D:2:      layout_loops_ring, lemuel_round_altar

Skill      XL: |  1  2  3 |
---------------+----------+-----
Long Blades    | 3 4 |  4.0
Fighting       | |  3.7
Armour         | |  1.7
Dodging        | |  1.7

Action                   || total
-------------------------++-------
Melee: Falchion          ||   100
Invok: Berserk           ||     1
  Use: Potion            ||     1
Armor: Ring mail         ||    40
Dodge: Dodged            ||    70
       Rpst.: Falchion   ||    23

Table legend: (Time is in decaauts)
 A = Elapsed time spent in this place.
 B = Non-inter-level travel time spent in this place.
 C = Inter-level travel time spent in this place.
 D = Time resting spent in this place.
 E = Time spent auto-exploring this place.
 F = Levels seen in this place.
 G = Mean time per level.
                   A        B        C        D        E       F      G
               +--------+--------+--------+--------+--------+-----+--------+
         Total |   1156 |   1156 |      0 |    216 |    665 |   2 |  578.0 |
       Dungeon |   1156 |   1156 |      0 |    216 |    665 |   2 |  578.0 |
               +--------+--------+--------+--------+--------+-----+--------+

Top non-repeatable levels by time:
     D:1: 953 daAuts
     D:2: 203 daAuts
